 Dungeon Crawl Stone Soup version 0.20.0-14-g326068f (webtiles) character file.

2843 Jareth the Slasher (level 9, -12/85 HPs)
             Began as a Troll Fighter on June 8, 2017.
             Was a Priest of Dithmenos.
             Mangled by a death yak (25 damage)
             ... on level 8 of the Dungeon.
             The game lasted 00:41:08 (6295 turns).

Jareth the Slasher (Troll Fighter)                  Turns: 6295, Time: 00:41:17

Health: -12/85     AC:  8    Str: 27    XL:     9   Next: 46%
Magic:  8/8        EV: 10    Int:  4    God:    Dithmenos [***...]
Gold:   229        SH: 13    Dex: 11    Spells: 8/8 levels left

rFire    . . .     SeeInvis .   a - +1 long sword
rCold    . . .     Gourm    +   c - +3 shield
rNeg     + . .     Faith    .   e - +0 troll leather armour
rPois    .         Spirit   .   (helmet restricted)
rElec    .         Reflect  .   j - +0 cloak
rCorr    .         Harm     .   (gloves unavailable)
MR       .....                  (boots unavailable)
Stlth    +.........             (no amulet)
Regen    1.1/turn               n - ring of positive energy
MPRegen  0.2/turn               (no ring)

@: wreathed by umbra
A: unfitting armour, claws 3, fast metabolism 3, gourmand, regeneration 1,
shaggy fur 1, tough skin 2
a: Shadow Step, Renounce Religion


You were on level 8 of the Dungeon.
You worshipped Dithmenos.
Dithmenos was most pleased with you.
You were full.

You visited 2 branches of the dungeon, and saw 9 of its levels.

You collected 445 gold pieces.
You spent 216 gold pieces at shops.

Inventory:

Hand Weapons
 a - a +1 long sword (weapon)
 k - a +4 quarterstaff of chaos
 p - a cursed -1 mace
 q - a +2 short sword of speed
Armour
 b - a +0 robe
 c - a +3 shield (worn)
 e - a +0 troll leather armour (worn)
 j - a +0 cloak (worn)
 y - a +2 cloak of invisibility
Jewellery
 n - a ring of positive energy (left claw)
 A - an uncursed ring of see invisible {unknown}
Wands
 o - a wand of scattershot (5/9)
 s - a wand of random effects (38/48)
 B - a wand of paralysis (13/24)
Scrolls
 m - 2 scrolls of amnesia
 r - 3 scrolls of remove curse
 u - 2 scrolls of teleportation {unknown}
 v - a scroll of enchant weapon
 x - a scroll of identify
 z - a scroll of blinking
 D - a scroll of enchant armour
Potions
 d - 2 potions of might
 g - 5 potions of cancellation
 l - 2 potions of curing
 t - a potion of invisibility
 w - 2 potions of brilliance
Books
 C - a book of Power

   Spells                             Type                      Level
   a - Iskenderun's Battlesphere      Conjuration/Charms           5
   b - Venom Bolt                     Conjuration/Poison           5
   c - Bolt of Magma                  Conjuration/Fire/Earth       5
   d - Iron Shot                      Conjuration/Earth            6
   e - Orb of Destruction             Conjuration                  7
   f - Spellforged Servitor           Conjuration/Summoning        7
Comestibles
 f - 10 bread rations
 h - 2 meat rations
 i - 5 royal jellies


   Skills:
 + Level 4.4 Fighting
 + Level 6.9 Long Blades
 + Level 3.0 Armour
 + Level 4.9 Dodging
 + Level 0.5 Stealth
 + Level 6.0 Shields


You had 8 spell levels left.
You didn't know any spells.

Dungeon Overview and Level Annotations

Branches:
Dungeon (8/15)             Temple (1/1) D:7            Lair (0/6) D:8

Altars:
Ashenzari
Cheibriados
Dithmenos
Elyvilon
Gozag
Hepliaklqana
Kikubaaqudgha
Makhleb
Nemelex Xobeh
Okawaru
Ru
Sif Muna
Uskayaw
Vehumet
Xom
Yredelemnul
Zin
The Shining One

Shops:
D:4 ?

Annotations:
D:8 sevenseve's ghost, novice GrFi


Innate Abilities, Weirdness & Mutations

You are too large for most types of armour.
You have claws for hands.
Your metabolism is lightning-fast.
You like to eat raw meat.
Your natural rate of healing is unusually fast.
You are covered in fur. (AC +1)
You have very tough skin. (AC +2)


Message History

The death yak is lightly wounded.
You block the death yak's attack.
You slash the death yak!
The death yak is lightly wounded.
The death yak closely misses you.
You hit the death yak.
The death yak is lightly wounded.
The death yak gores you!
A sky beast appears from thin air!
Reactivating autopickup.
You block the death yak's attack.
The death yak snorts and paws the ground.
You block the death yak's attack.
You hit the death yak.
The death yak is lightly wounded.
The death yak gores you!
The sky beast flickers out of sight!
Deactivating autopickup; reactivate with Ctrl-A.
The death yak gores you! The death yak gores you!!
* * * LOW HITPOINT WARNING * * *
The death yak gores you!!
You die...

#..... #..... .....
##...# ### ##....#
##... #.....#
####....##
#...Y######.........
#@Y##............
##YYYW...........
##Yah..........###
#...ยง....<........
#/.{........$.$...
##................
#...........#.#..
#..............#
#.##..........>..


You could see 5 death yaks, a hound, a worker ant and sevenseve's ghost.

Vanquished Creatures
  Joseph (D:7)
  The ghost of sadgrasan the Shield-Bearer, a novice FoFi of the Shining One (D:6)
  A spriggan (D:7)
  Menkaure (D:5)
  Duvessa (D:4)
  2 ice beasts (D:7)
  2 ogres (D:7)
  4 centaurs
  Blork the orc (D:6)
  Dowan (D:4)
  5 scorpions
  A howler monkey (D:6)
  A centaur zombie (D:4)
  A crimson imp (D:6)
  3 hounds
  A jelly (D:4)
  2 orc wizards
  An orc priest (D:4)
  Crazy Yiuf (D:6)
  A bullfrog skeleton (D:5)
  A centaur skeleton (D:7)
  Jessica (D:3)
  Ijyb (D:3)
  2 iguanas
  3 worker ants
  A hound skeleton (D:6)
  Robin (D:3)
  4 gnolls (D:6)
  9 adders
  2 shadow imps
  An ooze (D:2)
  3 worms
  2 dart slugs
  5 leopard geckos
  16 orcs
  5 bats
  5 giant cockroaches
  16 goblins
  9 hobgoblins
  7 jackals
  3 quokkas
  6 frilled lizards
  11 kobolds
  A leopard gecko skeleton (D:7)
  10 rats
157 creatures vanquished.

Vanquished Creatures (others)
  A goblin (D:3)
1 creature vanquished.

Grand Total: 158 creatures vanquished

Notes
Turn   | Place    | Note
-------+----------+-------------------------------------------
     0 | D:1      | Jareth the Troll Fighter began the quest for the Orb.
     0 | D:1      | Reached XP level 1. HP: 22/22 MP: 0/0
   303 | D:1      | Reached XP level 2. HP: 29/29 MP: 1/1
   692 | D:1      | Reached XP level 3. HP: 34/36 MP: 2/2
   983 | D:2      | Found a shadowy altar of Dithmenos.
  1002 | D:2      | Became a worshipper of Dithmenos the Shadowed
  1443 | D:3      | Noticed Jessica
  1449 | D:3      | Reached XP level 4. HP: 43/44 MP: 3/3
  1455 | D:3      | Noticed Ijyb
  1470 | D:3      | Noticed Robin
  1480 | D:3      | Killed Ijyb
  1509 | D:3      | Reached * piety under Dithmenos
  1514 | D:3      | Killed Robin
  1523 | D:3      | Reached XP level 5. HP: 21/52 MP: 4/4
  1532 | D:3      | Killed Jessica
  2183 | D:3      | Reached XP level 6. HP: 61/61 MP: 5/5
  2615 | D:4      | Noticed Duvessa
  2617 | D:4      | Noticed Dowan
  2638 | D:4      | Killed Duvessa
  2650 | D:4      | Killed Dowan
  2650 | D:4      | Reached XP level 7. HP: 45/67 MP: 6/6
  2683 | D:4      | Found Tiaruaso's Magic Scroll Emporium.
  2688 | D:4      | Bought a scroll of enchant armour for 90 gold pieces
  2688 | D:4      | Bought a scroll of enchant armour for 90 gold pieces
  2688 | D:4      | Bought a scroll of remove curse for 36 gold pieces
  2732 | D:4      | Reached ** piety under Dithmenos
  2732 | D:4      | Reached skill level 1 in Armour
  3208 | D:5      | Entered Level 5 of the Dungeon
  3230 | D:5      | Reached skill level 5 in Long Blades
  3635 | D:5      | Found a snail-covered altar of Cheibriados.
  3651 | D:5      | Noticed Menkaure
  3658 | D:5      | Killed Menkaure
  3658 | D:5      | Reached XP level 8. HP: 30/75 MP: 7/7
  4403 | D:6      | Noticed sadgrasan's ghost (novice FoFi)
  4433 | D:6      | Killed sadgrasan's ghost
  4611 | D:6      | Found a runed door.
  4685 | D:6      | Noticed Blork the orc
  4694 | D:6      | Killed Blork the orc
  4826 | D:6      | Found an iron altar of Okawaru.
  5107 | D:6      | Reached *** piety under Dithmenos
  5221 | D:6      | Found a sparkling altar of Nemelex Xobeh.
  5329 | D:6      | Noticed Crazy Yiuf
  5333 | D:6      | Killed Crazy Yiuf
  5333 | D:6      | Reached skill level 5 in Shields
  5532 | D:7      | Found a staircase to the Ecumenical Temple.
  5551 | Temple   | Entered the Ecumenical Temple
  5688 | D:7      | Noticed Joseph
  5738 | D:7      | Killed Joseph
  5738 | D:7      | Reached XP level 9. HP: 15/84 MP: 8/8
  6161 | D:7      | Found an iron altar of Okawaru.
  6275 | D:8      | Found a staircase to the Lair.
  6275 | D:8      | Noticed a death yak
  6275 | D:8      | Noticed a death yak
  6275 | D:8      | Noticed a death yak
  6275 | D:8      | Noticed a death yak
  6276 | D:8      | Noticed a death yak
  6276 | D:8      | Noticed a death yak
  6280 | D:8      | Noticed sevenseve's ghost (novice GrFi)
  6295 | D:8      | Mangled by a death yak

Skill      XL: |  1  2  3  4  5  6  7  8  9 |
---------------+----------------------------+-----
Long Blades    | 2 3 4 5 6 |  6.9
Shields        | 3 4 5 6 |  6.0
Dodging        | 3 4 |  4.9
Fighting       | 3 4 |  4.4
Armour         | 1 2 3 |  3.0
Stealth        | |  0.5

Action                   |  1- 3 |  4- 6 |  7- 9 || total
-------------------------+-------+-------+-------++-------
Melee: Long sword        |   149 |   209 |   356 ||   714
  Use: Scroll            |     1 |     4 |     7 ||    12
       Potion            |       |     7 |     5 ||    12
  Eat: Chunk             |    13 |    13 |    31 ||    57
       Meat ration       |       |     1 |       ||     1
Armor: Robe              |    55 |    37 |       ||    92
       Troll leather arm |       |    15 |    91 ||   106
Dodge: Dodged            |    53 |    59 |   143 ||   255
Block: Shield            |    78 |    92 |   285 ||   455
       Rpst.: Long sword |    25 |    16 |    43 ||    84
